[Event "*** Titled Tuesday 3|2 Blitz"]
[Site "Chess.com"]
[Date "2016.06.07"]
[Round "7"]
[White "biostatistician"]
[Black "iaraldinho"]
[Result "0-1"]
[WhiteElo "2296"]
[BlackElo "2457"]
[TimeControl "180+2"]
[EndTime "12:26:38 PDT"]
[Termination "iaraldinho won on time"]

1. d4 f5 2. Bg5 g6 3. Nd2 Bg7 4. e4 fxe4 5. Nxe4 Nh6 6. Nf3 Nf7 7. Bh4 O-O 8. Bd3 d5 9. Neg5 Nc6 10. O-O Bg4 11.
c3 Nxg5 12. Bxg5 Bxf3 13. gxf3 Qd6 14. Bh4 e5 15. Bg3 Qf6 16. Bb5 exd4 17. Bxc6 bxc6 18. cxd4 Qxd4 19. Qxd4 Bxd4 20. Rac1 c5 21. Kg2 c4 22. Rfd1 c5 23. b3 cxb3 24. axb3 a5 25. Bd6 Rfc8 26. f4 Kf7 27. Re1 Ra6 28. Be5 Bxe5 29.
Rxe5 Rd6 30. Ra1 d4 31. Rxa5 d3 32. Ra1 c4 33. bxc4 Rxc4 34. Rd1 Rxf4 35. Re3 d2 36. Kf1 Kf6 37. Ke2 Kf5 38. Re7 Re4+ 39. Rxe4 Kxe4 40. h3 Kf4 41. h4 h5 0-1

[Event "*** Titled Tuesday 3|2 Blitz"]
[Site "Chess.com"]
[Date "2016.06.07"]
[Round "7"]
[White "SabinaFoisor"]
[Black "silverback96"]
[Result "1/2-1/2"]
[WhiteElo "2184"]
[BlackElo "2057"]
[TimeControl "180+2"]
[EndTime "12:26:41 PDT"]
[Termination "Game drawn by stalemate"]

1. d4 Nf6 2. c4 c5 3. d5 b5 4. cxb5 a6 5. bxa6 g6 6. Nc3 Bg7 7. e4 Qa5 8. Bd2 Bxa6 9. Nf3 Bxf1 10. Kxf1 Na6 11. g3 O-O 12. Kg2 Qb6 13. Rb1 d6 14. Qe2 Nc7 15. Rhe1 Nd7 16. h4 Rfb8 17. b3 Nb5 18.
Nxb5 Qxb5 19. Qxb5 Rxb5 20. a4 Rb7 21. Bg5 Ne5 22. Nd2 Rab8 23. Re3 c4 24. b4 Rxb4 25.
Rxb4 Rxb4 26. Bxe7 Rxa4 27. Bxd6 Ng4 28. Ra3 Rxa3 29. Bxa3 c3 30. Nc4 Bd4 31. f3 Nf6 32. Kf1 Nh5 33. Ke2 Nxg3+ 34. Kd3 Bf6 35. d6 Bxh4 36. d7 Nh5 37. Bd6 Ng7 38. Kxc3 Ne6 39. f4 Bd8 40. Kd3 f5 41. exf5 gxf5 42. Ke3 h5 43. Ne5 h4 44. Nc6 Bb6+ 45. Kf3 Kf7 46. Kg2 Nd8 47. Nxd8+ Bxd8 48. Kh3 Ke6 49.
Be5 Kxd7 50. Bd4 Ke6 51. Bf2 Kd5 52. Bxh4 Bc7 53. Bg5 Ke4 54. Kg2 Bxf4 55. Bxf4 Kxf4 56. Kf2 Kg5 57. Kg3 Kf6 58. Kf3 Ke6 59. Kf4 Kf6 60. Kf3 Kg5 61. Kg3 f4+ 62. Kf3 Kf5 63.
Kf2 Ke5 64. Kf3 Kf5 65. Kf2 Kg4 66. Kg2 f3+ 67. Kf2 Kf4 68. Kf1 Ke4 69. Kf2 Kf4 70.
Kf1 Kg4 71. Kf2 Kf4 72. Kf1 Kg3 73. Kg1 f2+ 74. Kf1 Kf3 1/2-1/2

[Event "*** Titled Tuesday 3|2 Blitz"]
[Site "Chess.com"]
[Date "2016.06.07"]
[Round "7"]
[White "talaicito"]
[Black "akinov-akinseye"]
[Result "0-1"]
[WhiteElo "1939"]
[BlackElo "1718"]
[TimeControl "180+2"]
[EndTime "12:27:01 PDT"]
[Termination "akinov-akinseye won by resignation"]

1. e4 e5 2. Nf3 Nc6 3. Bb5 a6 4. Ba4 Nf6 5. O-O b5 6. Bb3 Be7 7. Re1 O-O 8. a4 b4 9. a5 d6 10. d3 Be6 11. Nbd2 Bg4 12. h3 Be6 13. Nc4 Nd4 14.
Nxd4 exd4 15. Bd2 c5 16. f4 Bxc4 17. Bxc4 d5 18. exd5 Re8 19. Qf3 Bf8 20. g4 Ra7 21.
g5 Nd7 22. Re4 Bd6 23. Qe2 Rxe4 24. dxe4 Nf8 25. e5 Bb8 26. d6 Qd7 27. Kg2 Ng6 28. Qg4 Qxg4+ 29. hxg4 Kf8 30. Kg3 Ke8 31. Re1 Kd8 32.
Bxf7 Rxf7 33. f5 Nxe5 34. Rxe5 Bxd6 35. Bf4 Bxe5 36. Bxe5 Kd7 37. Kf4 Kc6 38. Ke4 h6 39. g6 Rd7 40. Bxg7 Rxg7 41. f6 Rxg6 42. Kf5 Rg8 43. f7 Rf8 44. Ke6 c4 45. Ke7 Rxf7+ 46. Kxf7 d3 47. cxd3 cxd3 48. Kg7 d2 49. Kxh6 d1=Q 50.
g5 Qh1+ 51. Kg7 Kb5 52. g6 Kxa5 53. Kf8 Ka4 54. g7 Qg1 55. g8=Q Qxg8+ 56. Kxg8 Kb3 0-1

[Event "*** Titled Tuesday 3|2 Blitz"]
[Site "Chess.com"]
[Date "2016.06.07"]
[Round "7"]
[White "AleksandrKholin"]
[Black "viktorskliarov"]
[Result "0-1"]
[WhiteElo "2119"]
[BlackElo "2352"]
[TimeControl "180+2"]
[EndTime "12:27:19 PDT"]
[Termination "viktorskliarov won by resignation"]

1. d4 Nf6 2. Nf3 c5 3. g3 cxd4 4. Nxd4 Nc6 5. Bg2 g6 6. O-O Bg7 7. c4 O-O 8. Nc3 d6 9. Nxc6 bxc6 10. Bxc6 Rb8 11. Qc2 Bh3 12. Bg2 Bxg2 13. Kxg2 Qc7 14. Be3 Qxc4 15. Bxa7 Rb7 16. Be3 Nd5 17. Bd2 Rfb8 18.
Rab1 h5 19. h4 Nb4 20. Qa4 d5 21.
a3 Nc6 22. Qxc4 dxc4 23. Bf4 e5 24. Be3 Rxb2 25. Rxb2 Rxb2 26. Rc1 Nd4 27. Nd5 Nc2 28. Bc5 e4 29. Nb4 Nxa3 30. Nd5 Nc2 31. Ne3 Nxe3+ 32.
Bxe3 c3 33. Kf1 f5 34. Ke1 Bf8 35. Bd4 Rb3 36. Bxc3 Rxc3 37. Rxc3 Bb4 38. Kd2 g5 39. hxg5 f4 40. Kc2 Bxc3 41. Kxc3 e3 0-1

[Event "*** Titled Tuesday 3|2 Blitz"]
[Site "Chess.com"]
[Date "2016.06.07"]
[Round "7"]
[White "Mvpag"]
[Black "Wolverine_master"]
[Result "0-1"]
[WhiteElo "2094"]
[BlackElo "2097"]
[TimeControl "180+2"]
[EndTime "12:27:22 PDT"]
[Termination "Wolverine_master won on time"]

1. d4 Nf6 2. Nf3 c5 3. e3 g6 4.
c3 Bg7 5. Bd3 cxd4 6. exd4 O-O 7. O-O d6 8. Re1 Nc6 9. Bg5 Bg4 10. Nbd2 e5 11. d5 Ne7 12. c4 h6 13. Bh4 Nd7 14.
h3 Bxf3 15. Nxf3 f5 16. Bxe7 Qxe7 17. Bc2 Qf6 18. Rb1 e4 19. Nh2 Qh4 20. b4 Be5 21.
Rb3 Bxh2+ 22. Kxh2 Qxf2 23. Rg3 Ne5 24. Rf1 Qb6 25.
a3 Rac8 26. Bb3 Kh7 27. Qa1 f4 28. Rc3 Qd8 29. c5 Qh4 30. cxd6 f3 31. Rxc8 Ng4+ 32. Kg1 f2+ 33. Kh1 Rxc8 34. d7 Qg3 0-1

[Event "*** Titled Tuesday 3|2 Blitz"]
[Site "Chess.com"]
[Date "2016.06.07"]
[Round "7"]
[White "GMBenjaminBok"]
[Black "Zazuliak"]
[Result "1-0"]
[WhiteElo "2593"]
[BlackElo "2352"]
[TimeControl "180+2"]
[EndTime "12:27:24 PDT"]
[Termination "GMBenjaminBok won by checkmate"]

1. d4 Nf6 2. Nf3 g6 3. Bg5 Bg7 4. Nbd2 d5 5. e3 O-O 6. Bd3 c5 7. c3 b6 8. O-O Bb7 9. a4 Nc6 10. Qb1 Qd6 11. Bf4 Qd8 12. h3 a5 13. Rd1 e6 14.
Bb5 Qe7 15. Qc2 Rac8 16. Bh2 Rfd8 17. Re1 Bh6 18. Qd1 Bg7 19. Qb3 c4 20. Qd1 Na7 21.
Be5 Nxb5 22. axb5 Qe8 23. Qa4 Ra8 24. Re2 Bc8 25. b3 cxb3 26. Qxb3 Bd7 27. Rb1 a4 28. Qb4 Rdc8 29. e4 dxe4 30. Nxe4 Nxe4 31. Rxe4 Bf8 32. Qb2 a3 33. Qe2 Rxc3 34. Qd2 Rc4 35. Qf4 f5 36. Ree1 a2 37. Ra1 Bxb5 38. Qh4 Bc6 39. Qf6 Bxf3 40. Qh8+ Kf7 41. Qxh7+ Bg7 42. Qxg7# 1-0

[Event "*** Titled Tuesday 3|2 Blitz"]
[Site "Chess.com"]
[Date "2016.06.07"]
[Round "7"]
[White "saraswathii"]
[Black "Fibrinogen"]
[Result "0-1"]
[WhiteElo "1980"]
[BlackElo "2289"]
[TimeControl "180+2"]
[EndTime "12:27:26 PDT"]
[Termination "Fibrinogen won on time"]

1. e4 e5 2. Nf3 Nc6 3. d3 Nf6 4. g3 d5 5. exd5 Nxd5 6. Bg2 Be7 7. O-O O-O 8. h3 Be6 9. Re1 Qd7 10. Nxe5 Nxe5 11.
Rxe5 Bf6 12. Re1 Bxh3 13. Qf3 Bxg2 14. Kxg2 Rae8 15. Re4 Rxe4 16. dxe4 Nb4 17. Qb3 Qd4 18. Nc3 Qb6 19. Be3 c5 20. Na4 Qc6 21. Nxc5 a5 22.
c3 b6 23. cxb4 bxc5 24. bxc5 Qxe4+ 25. Kg1 a4 26. Qb6 a3 27. Bc1 Qe1+ 28. Kg2 Qe4+ 29. Kg1 Bd4 30. Bf4 axb2 31. Rd1 Qe2 32. Rf1 Qc2 33.
Be3 Bxe3 34. fxe3 Qc1 35. c6 Rc8 36. c7 h6 37. Qb8 Qxe3+ 38. Kg2 Qe4+ 39. Rf3 Qe6 0-1

[Event "*** Titled Tuesday 3|2 Blitz"]
[Site "Chess.com"]
[Date "2016.06.07"]
[Round "7"]
[White "dabee"]
[Black "annakantane"]
[Result "0-1"]
[WhiteElo "2408"]
[BlackElo "2327"]
[TimeControl "180+2"]
[EndTime "12:27:26 PDT"]
[Termination "annakantane won on time"]

1. d4 Nf6 2. Bg5 e6 3. e4 h6 4. Bxf6 Qxf6 5. Qd2 d6 6. Nc3 Qd8 7. O-O-O Be7 8. f4 a6 9. Nf3 b5 10. Bd3 Bb7 11. e5 Nd7 12. Ne4 Bxe4 13. Bxe4 d5 14. Bd3 c5 15. c3 b4 16. cxb4 c4 17. Bc2 Qb6 18. a3 a5 19. bxa5 Rxa5 20. Qc3 Nb8 21. g4 Nc6 22. f5 Kd7 23. h4 Rb8 24. g5 Rb5 25. Kd2 Rxb2 26. f6 gxf6 27. gxf6 Bd8 28. Rb1 Qa7 29. Kc1 Rxb1+ 30. Bxb1 Rb3 31. Qc2 Qxa3+ 32. Kd1 Rxf3 33. Qh7 Qb3+ 34. Bc2 Qe3 35. Qxf7+ Be7 0-1

[Event "*** Titled Tuesday 3|2 Blitz"]
[Site "Chess.com"]
[Date "2016.06.07"]
[Round "7"]
[White "kpio91"]
[Black "hansen"]
[Result "1-0"]
[WhiteElo "2547"]
[BlackElo "2561"]
[TimeControl "180+2"]
[EndTime "12:27:36 PDT"]
[Termination "kpio91 won by resignation"]

1. e4 e5 2. Nf3 d6 3. d4 exd4 4. Nxd4 Nf6 5. Nc3 Be7 6. g3 O-O 7. Bg2 Bg4 8. f3 Bd7 9. O-O Nc6 10. Be3 Re8 11. Qd2 Bf8 12. Rae1 a6 13. h3 b5 14. Nce2 Ne5 15. b3 d5 16. f4 Nxe4 17. Bxe4 dxe4 18. fxe5 Bxh3 19. Rf2 c5 20. Nf5 Rxe5 21. Qxd8 Rxd8 22. Nh4 g5 23. Ng2 h6 24. Nc3 c4 25. Rd1 Rxd1+ 26. Nxd1 Bg4 27. Nc3 b4 28. Bd4 Re6 29. Nd5 Be7 30.
bxc4 Bf3 31. Nge3 Bd8 32. c5 a5 33. Nf5 Kh7 34. Nd6 Kg6 35. Rd2 f5 36. Kf2 f4 37.
gxf4 Re7 38. f5+ Kh5 39. Nxe7 Bxe7 40. f6 Bd8 41. f7 Be7 42. Nf5 1-0

[Event "*** Titled Tuesday 3|2 Blitz"]
[Site "Chess.com"]
[Date "2016.06.07"]
[Round "7"]
[White "AndreyOstrovskiy"]
[Black "INbetweenMOVE"]
[Result "1-0"]
[WhiteElo "2443"]
[BlackElo "2325"]
[TimeControl "180+2"]
[EndTime "12:27:36 PDT"]
[Termination "AndreyOstrovskiy won on time"]

1. e4 e6 2. d4 d5 3. Nc3 Nf6 4. e5 Nfd7 5. f4 c5 6. Nf3 Be7 7. Be3 O-O 8. Qd2 b6 9. Bd3 Ba6 10.
Bxa6 Nxa6 11. O-O f5 12. exf6 Nxf6 13. Ng5 Qd7 14. Qe2 Nc7 15. Rae1 Rae8 16. Nf3 Bd6 17. Ne5 Qc8 18. Qd1 Bxe5 19. fxe5 Nd7 20. Qg4 cxd4 21. Bxd4 Rxf1+ 22. Rxf1 Rf8 23. Rf3 Qe8 24. a4 Nb8 25. Rxf8+ Qxf8 26. Nb5 Nba6 27. c3 Qe7 28. Nxa7 Nc5 29.
Nb5 Nxa4 30. Nxc7 Qxc7 31. Qxe6+ Kf8 32. Qxd5 Nxb2 33. e6 Nc4 34. Qe4 Nd6 35. Qxh7 Ne8 36. Qf5+ Kg8 37. h4 Nd6 38. Qg6 Qe7 39. h5 Kf8 40.
Bxb6 Qh4 41. Bf2 1-0

[Event "*** Titled Tuesday 3|2 Blitz"]
[Site "Chess.com"]
[Date "2016.06.07"]
[Round "7"]
[White "WanderingPuppet"]
[Black "GianmarcoVaR"]
[Result "0-1"]
[WhiteElo "2265"]
[BlackElo "2331"]
[TimeControl "180+2"]
[EndTime "12:27:36 PDT"]
[Termination "GianmarcoVaR won on time"]

1. e4 c5 2. Nf3 d6 3. d4 cxd4 4. Nxd4 Nf6 5. Nc3 a6 6. Be3 e5 7. Nb3 Be6 8. h3 Be7 9. Qd2 O-O 10. O-O-O b5 11. g4 Nbd7 12. g5 b4 13. Nd5 Nxe4 14. Qd3 Bxd5 15. Qxd5 Nxg5 16. Rg1 a5 17. Kb1 Ne6 18.
Bd3 Nf6 19. Qg2 Re8 20. Bh6 Bf8 21. Bf5 Nf4 22. Bxf4 exf4 23. Nd4 g6 24. Bd3 Rc8 25. h4 Qb6 26. Nf5 a4 27. Qg5 d5 28. h5 b3 29.
cxb3 axb3 30. axb3 Ne4 31. Bxe4 dxe4 32. hxg6 fxg6 33.
Rd7 Rc7 34. Rgd1 Rxd7 35. Rxd7 Qe6 36. Rd5 e3 37. fxe3 fxe3 38. Nxe3 Qxe3 0-1

[Event "*** Titled Tuesday 3|2 Blitz"]
[Site "Chess.com"]
[Date "2016.06.07"]
[Round "7"]
[White "Journey_to_GrandMaster_YT"]
[Black "TheLancer"]
[Result "0-1"]
[WhiteElo "2357"]
[BlackElo "2470"]
[TimeControl "180+2"]
[EndTime "12:27:40 PDT"]
[Termination "TheLancer won on time"]

1. d4 Nf6 2. c4 e6 3. Nc3 Bb4 4. e3 c5 5. Ne2 d6 6. a3 Bxc3+ 7. Nxc3 O-O 8. Be2 Nc6 9. O-O b6 10. Bf3 Bb7 11. b4 cxd4 12. exd4 e5 13. Bxc6 Bxc6 14.
d5 Bd7 15. Qd3 Rc8 16. f4 Qc7 17. fxe5 dxe5 18. c5 bxc5 19. Rxf6 cxb4 20. Ne4 gxf6 21. Nxf6+ Kg7 22. Qxh7+ Kxf6 23. Qh4+ Kf5 24. Qh5+ Ke4 25. Qf3+ Kd4 26. Be3+ Kc4 27. Rc1+ Kb5 28. Rxc7 Rxc7 29.
Qe2+ Ka4 30. Qa6+ Kb3 31. axb4 Rc3 32. Bc5 Rg8 33. Qa1 Bf5 34. Qd1+ Bc2 35. Qa1 Rd3 36. Bf2 Rd1+ 37. Qxd1 Bxd1 38. d6 Kxb4 39. Bh4 Ba4 40. Be7 Bd7 0-1

[Event "*** Titled Tuesday 3|2 Blitz"]
[Site "Chess.com"]
[Date "2016.06.07"]
[Round "7"]
[White "GMHess"]
[Black "DrHolmes13"]
[Result "0-1"]
[WhiteElo "2562"]
[BlackElo "2399"]
[TimeControl "180+2"]
[EndTime "12:27:46 PDT"]
[Termination "DrHolmes13 won by resignation"]

1. c4 Nf6 2. Nc3 c5 3. Nf3 Nc6 4.
g3 g6 5. Bg2 Bg7 6. O-O O-O 7. d4 cxd4 8. Nxd4 Qa5 9. Ndb5 a6 10.
Na3 Qh5 11. Nd5 d6 12. h3 Nxd5 13. cxd5 Ne5 14. f4 Nd7 15. Nc4 Nc5 16. g4 Qh4 17. Nb6 Rb8 18. e4 h5 19. f5 Be5 20. Qf3 Bd7 21.
Nxd7 Nxd7 22. Rb1 Bd4+ 23. Be3 Ne5 24. Qf2 Qxf2+ 25. Kxf2 Bxe3+ 26. Kxe3 hxg4 27. Rg1 Kg7 28. hxg4 Nxg4+ 29. Kd4 Rbc8 30. Bf1 Ne5 31. Rg2 Rc7 32. b3 Rfc8 33. Rbb2 Rc1 34. Be2 Re1 35. fxg6 fxg6 36. b4 b5 37. a4 bxa4 38. Bxa6 Rcc1 39. b5 Red1+ 40. Rgd2 Nf3+ 41. Ke3 Nxd2 42. b6 Rb1 43. Rxd2 Rxd2 44. Kxd2 Rxb6 0-1

[Event "*** Titled Tuesday 3|2 Blitz"]
[Site "Chess.com"]
[Date "2016.06.07"]
[Round "7"]
[White "Rikikits"]
[Black "Elshan1985"]
[Result "1-0"]
[WhiteElo "2447"]
[BlackElo "2583"]
[TimeControl "180+2"]
[EndTime "12:28:05 PDT"]
[Termination "Rikikits won by resignation"]

1. b3 e5 2. Bb2 Nc6 3. e3 Nf6 4. Bb5 Bd6 5. Ne2 O-O 6. O-O Re8 7. f4 a6 8. Bxc6 dxc6 9. fxe5 Bxe5 10. Bxe5 Rxe5 11.
Nbc3 c5 12. Qe1 h6 13. Rd1 Qe7 14. Qh4 Rh5 15. Qf4 Bg4 16. h3 Bxe2 17. Nxe2 Rd8 18. Ng3 Rhd5 19. Nf5 Qe6 20. d3 Ne8 21. e4 R5d7 22. Rf3 Kh7 23. Rdf1 f6 24. Rg3 g5 25. Qf2 b6 26. Ne3 Rf7 27. Rf3 Kg6 28. h4 Ng7 29. g4 Rdf8 30. h5+ Kh7 31. Qg3 Ne8 32. Nd5 Kg7 33. Kg2 Qe5 34. Qxe5 fxe5 35. Rxf7+ Rxf7 36. Rf5 Rxf5 37. exf5 Kf7 38. Kf3 b5 39. c4 c6 40. Nc3 bxc4 41. bxc4 Nf6 42. Ne4 Nd7 43. Ke3 a5 44. Kd2 Ke7 45. Kc3 Kd8 46. Kb3 Kc7 47.
Ka4 Kb6 48. f6 Nf8 49. f7 Ne6 50. Nf6 Nf8 51. Ng8 Kc7 52. Nxh6 Kd6 53. Kxa5 e4 54.
dxe4 Ke5 55. Kb6 Kd4 56. a4 Kxc4 57. a5 Nd7+ 58. Kxc6 Ne5+ 59. Kd6 1-0

[Event "*** Titled Tuesday 3|2 Blitz"]
[Site "Chess.com"]
[Date "2016.06.07"]
[Round "7"]
[White "aspired"]
[Black "StoreySniper"]
[Result "1-0"]
[WhiteElo "2500"]
[BlackElo "2322"]
[TimeControl "180+2"]
[EndTime "12:28:09 PDT"]
[Termination "aspired won by resignation"]

1. e4 g6 2. d4 Bg7 3. Nc3 c5 4. dxc5 Bxc3+ 5. bxc3 Nf6 6. e5 Ne4 7. Qd4 Qa5 8. Bb2 Nxc5 9. Qb4 Qc7 10. Nf3 b6 11. Be2 Nc6 12. Qh4 Nxe5 13. c4 d6 14.
Nxe5 dxe5 15. f4 f6 16. fxe5 fxe5 17. O-O Bf5 18. Qg3 Nd7 19. Rxf5 gxf5 20. Bh5+ Kf8 21. Rf1 e6 22. Qg5 Qc5+ 23. Kh1 Rg8 24. Qh6+ Rg7 25.
Qxe6 f4 26. Rd1 Qe7 27. Qd5 Rd8 28. Rd3 Qg5 29. Ba3+ Re7 30. Bxe7+ Qxe7 31. Bf3 Ke8 32. Qc6 Kf8 33. Qc7 e4 34. Qxf4+ Nf6 35. Rxd8+ Qxd8 36. Be2 Qd4 37. h3 Kf7 38. Kh2 a6 39. Bh5+ Ke6 40. Be2 Qe5 41. Kg3 b5 42. cxb5 axb5 43. Qxe5+ Kxe5 44. Bxb5 Kd4 45. a4 Nd5 46. a5 Nc3 47. Bf1 e3 48. Kf3 Ne4 49. Bd3 Ng5+ 50. Ke2 h5 51. a6 Ne6 52. a7 Nc5 1-0

[Event "*** Titled Tuesday 3|2 Blitz"]
[Site "Chess.com"]
[Date "2016.06.07"]
[Round "7"]
[White "bugsbunny444"]
[Black "Rumpel-VK"]
[Result "1-0"]
[WhiteElo "2375"]
[BlackElo "2424"]
[TimeControl "180+2"]
[EndTime "12:28:18 PDT"]
[Termination "bugsbunny444 won on time"]

1. Nf3 d6 2. d4 Nf6 3. Nc3 Nbd7 4. e4 e5 5. g3 Be7 6. Bg2 O-O 7. O-O c6 8. a4 Re8 9. Re1 Bf8 10. h3 Qc7 11.
Be3 exd4 12. Bxd4 Ne5 13. Nd2 Bd7 14. f4 Ng6 15. Nc4 d5 16. Bxf6 dxc4 17. Bd4 Qc8 18. Kh2 c5 19. Bf2 Bc6 20. Qe2 Qc7 21. Qxc4 h5 22.
h4 b6 23. Nd5 Qb7 24. Rad1 Rad8 25. b3 a6 26. Qd3 b5 27. axb5 axb5 28. Qf3 Bxd5 29.
exd5 Rxe1 30. Rxe1 Ne7 31. Qxh5 Nxd5 32. Rd1 g6 33.
Qf3 Qe7 34. Rxd5 Rxd5 35. Qxd5 Qe2 36. Bxc5 Qxc2 37. Bxf8 Qe2 38. Bh6 Kh7 39. Bg5 Qe8 40. Qe5 Qd7 41. Qf6 b4 42. h5 gxh5 43. Qh6+ Kg8 44.
Bf6 Qh3+ 45. Bxh3 1-0

[Event "*** Titled Tuesday 3|2 Blitz"]
[Site "Chess.com"]
[Date "2016.06.07"]
[Round "7"]
[White "Abdodi"]
[Black "Ksenia_Legenko"]
[Result "0-1"]
[WhiteElo "1985"]
[BlackElo "2040"]
[TimeControl "180+2"]
[EndTime "12:28:18 PDT"]
[Termination "Ksenia_Legenko won by resignation"]

1. d4 d5 2. c4 dxc4 3. e3 Nf6 4.
Bxc4 e6 5. Ne2 a6 6. O-O b5 7.
Bb3 Bb7 8. Nbc3 Nbd7 9. Nf4 Bd6 10. d5 exd5 11. Nfxd5 Nxd5 12. Bxd5 Bxd5 13. Qxd5 O-O 14. Qf3 Ne5 15. Qe2 Qh4 16. h3 Rad8 17. b3 Bb4 18.
Nb1 Nd3 19. Ba3 Qe7 20. Bxb4 Qxb4 21. Rd1 Ne5 22. Nd2 c5 23. a3 Qa5 24. Nf3 Nxf3+ 25. Qxf3 Rxd1+ 26. Qxd1 Rd8 27. Qc2 Qc7 28. Rc1 Rc8 29.
a4 bxa4 30. bxa4 c4 31. Qc3 Qc6 32. a5 Qb5 33. Rc2 h6 34. Rb2 Qd5 35. Rb6 Rc6 36. Rb8+ Kh7 37. Kf1 Qd1+ 38. Qe1 Qd6 39. Qb1+ g6 40.
g3 c3 41. Rb4 c2 0-1

[Event "*** Titled Tuesday 3|2 Blitz"]
[Site "Chess.com"]
[Date "2016.06.07"]
[Round "7"]
[White "Philofive"]
[Black "bilelou"]
[Result "1-0"]
[WhiteElo "2339"]
[BlackElo "2134"]
[TimeControl "180+2"]
[EndTime "12:28:26 PDT"]
[Termination "Philofive won on time"]

1. d4 d5 2. Bg5 f6 3. Bd2 Nc6 4.
e3 e5 5. Bb5 Bd7 6. dxe5 fxe5 7.
Bxc6 Bxc6 8. Qh5+ Kd7 9. Qf5+ Ke8 10. Qxe5+ Be7 11. Nf3 Nf6 12. Nd4 Bd7 13. Ne6 Bxe6 14. Qxe6 Qd7 15. Qxd7+ Kxd7 16. Nc3 c6 17. O-O-O Rae8 18. f3 Kc8 19. Rhe1 Bd6 20. g3 Rhf8 21. Re2 Nd7 22. Rf1 Ne5 23. Ref2 Rf7 24. e4 Bc5 25. Re2 Rxf3 26. Rxf3 Nxf3 27. exd5 Rxe2 28. Nxe2 cxd5 29. h3 h5 30. Nf4 h4 31. gxh4 Nxh4 32. Nxd5 Nf3 33.
Bc3 Ng1 34. Bxg7 Nxh3 35. c3 Nf2 36. Kc2 Ng4 37. b4 Ne3+ 38. Nxe3 Bxe3 39. Bd4 Bxd4 40. cxd4 Kd7 41. Kd3 Kd6 42. Ke4 a6 43. d5 b6 44.
Kd4 a5 45. b5 Kd7 46. Ke5 Ke7 47. d6+ Kd7 48. Kd5 Kc8 49. Kc6 Kd8 50. Kxb6 Kd7 51. Ka7 Kxd6 52. b6 Kc6 53. b7 a4 54. b8=Q 1-0

[Event "*** Titled Tuesday 3|2 Blitz"]
[Site "Chess.com"]
[Date "2016.06.07"]
[Round "7"]
[White "howitzer14"]
[Black "Dlugy"]
[Result "1-0"]
[WhiteElo "2726"]
[BlackElo "2599"]
[TimeControl "180+2"]
[EndTime "12:28:28 PDT"]
[Termination "howitzer14 won by resignation"]

1. e4 c5 2. Nf3 d6 3. Bb5+ Bd7 4.
Bxd7+ Nxd7 5. O-O Ngf6 6. d3 e6 7. Ng5 h6 8. Nh3 g5 9. f4 g4 10. Nf2 h5 11. c4 Bg7 12. Nc3 a6 13. Be3 Qc7 14. Rc1 Qc6 15. a4 O-O-O 16. b4 cxb4 17. Nd5 Kb8 18. Nxb4 Qc7 19. d4 Ka8 20. Qe2 e5 21.
fxe5 dxe5 22. d5 Nc5 23. Kh1 g3 24. Nfd3 Nfxe4 25. Nxc5 Nxc5 26. Bxc5 Qxc5 27. Nd3 Qd4 28. Rxf7 e4 29. Nf4 Bh6 30. Ne6 Qd3 31. Qxd3 exd3 32.
Rd1 Rc8 33. c5 d2 34. hxg3 Rhe8 35. Kh2 Kb8 36. Kh3 Be3 37. Rb1 Ka8 38. Rbxb7 Rxc5 39. Nxc5 Bxc5 40. Rb1 Re1 41. Rf1 Re5 42. Rbd1 Rxd5 43.
g4 hxg4+ 44. Kxg4 Bb4 45. Rf5 Rd8 46. a5 Kb7 47. Kf4 Kc6 48. g4 Rd4+ 49. Kf3 Rd3+ 50. Ke4 Ra3 51. g5 Bxa5 52. g6 Bc3 53. Rg5 Ra4+ 54.
Kd3 Bg7 55. Rxd2 Re4 56. Kxe4 1-0

[Event "*** Titled Tuesday 3|2 Blitz"]
[Site "Chess.com"]
[Date "2016.06.07"]
[Round "7"]
[White "lukas_111111"]
[Black "jeaston1"]
[Result "1-0"]
[WhiteElo "2250"]
[BlackElo "2029"]
[TimeControl "180+2"]
[EndTime "12:28:30 PDT"]
[Termination "lukas_111111 won by checkmate"]

1. e4 c5 2. Nf3 Nc6 3. Bb5 g6 4. Bxc6 bxc6 5. O-O Bg7 6. Re1 d5 7. e5 Nh6 8. c3 O-O 9. d4 cxd4 10. cxd4 Nf5 11.
Bf4 e6 12. Qd2 Qb6 13. Nc3 Rb8 14.
Na4 Qb5 15. b3 Qb4 16. Nc5 a5 17. a3 Qxd2 18. Bxd2 Rb5 19. a4 Rb8 20. Bxa5 f6 21.
Bc7 Ra8 22. exf6 Bxf6 23. Rad1 Kf7 24. Be5 Re8 25. Bxf6 Kxf6 26. Ne5 Re7 27. Nxc6 Rc7 28. Ne5 Nxd4 29. Rxd4 Rxc5 30. Rf4+ Kg7 31. Rf7+ Kg8 32. Re7 Rb8 33. Re8+ Kg7 34. Nd7 Bxd7 35. Rxb8 Kf6 36.
Rb7 Ke7 37. b4 Rc4 38. a5 Kd6 39. a6 Bc6 40. Rxh7 Rxb4 41. Ra1 Kc5 42. a7 Kb6 43. Rh8 d4 44. Rb8+ Kc5 45. Rc8 d3 46. Rxc6+ Kxc6 47. a8=Q+ Kd6 48. Qa3 Kc5 49. Qc3+ Rc4 50. Qe5+ Kb4 51.
Qa5+ Kb3 52. Qa3+ Kc2 53. Qc1+ Kb3 54. Rb1+ Ka2 55. Qb2# 1-0

[Event "*** Titled Tuesday 3|2 Blitz"]
[Site "Chess.com"]
[Date "2016.06.07"]
[Round "7"]
[White "Malev212"]
[Black "GeorgMeier"]
[Result "1-0"]
[WhiteElo "2272"]
[BlackElo "2700"]
[TimeControl "180+2"]
[EndTime "12:28:32 PDT"]
[Termination "Malev212 won by resignation"]

1. Nf3 d5 2. g3 Bg4 3. Bg2 e6 4. O-O Nf6 5. d3 Be7 6. Nbd2 O-O 7. h3 Bh5 8. e4 c5 9. exd5 Nxd5 10. Nc4 Nc6 11. g4 Bg6 12. Nfe5 Nxe5 13. Nxe5 Bf6 14.
Nxg6 hxg6 15. c3 Qd7 16. f4 Rfd8 17. Qe2 Rac8 18. Bd2 b5 19. a3 b4 20. axb4 cxb4 21. c4 Ne7 22. Bxb4 Nc6 23. Bc3 Bxc3 24. bxc3 Qxd3 25.
Qxd3 Rxd3 26. Ra6 Nd8 27. Rc1 Rd7 28. Bf1 Kf8 29. Rca1 Rcc7 30. R1a5 Nc6 31. Rb5 Ke7 32. Kf2 Rd2+ 33. Ke3 Rc2 34. Rb3 Kd7 35. Be2 Kc8 36. Ra1 Nb8 37. Kd3 Rxe2 38. Kxe2 Nd7 39. Rb4 Nb6 40. Kd3 Rd7+ 41. Kc2 Rc7 42. Kb3 Nd7 43. Ra5 Nc5+ 44. Kc2 Kd7 45. Rbb5 Kd6 46. Rxc5 Rxc5 47. Rxa7 f5 48. Kd3 fxg4 49. hxg4 g5 50. Ra6+ Ke7 51.
Kd4 Rc8 52. fxg5 Kf7 53. g6+ Kf6 54. c5 Rd8+ 55. Kc4 Re8 56. c6 Kxg6 57. Kc5 Kg5 58. c7 e5 59. Re6 Rc8 60. Kd6 Kxg4 61. Rxe5 g5 62. Kd7 1-0

[Event "*** Titled Tuesday 3|2 Blitz"]
[Site "Chess.com"]
[Date "2016.06.07"]
[Round "7"]
[White "ChessMavenYeti"]
[Black "kikydu96"]
[Result "1/2-1/2"]
[WhiteElo "2149"]
[BlackElo "2338"]
[TimeControl "180+2"]
[EndTime "12:28:33 PDT"]
[Termination "Game drawn by agreement"]

1. c4 e5 2. Nc3 Nc6 3. Nf3 Bc5 4. Nxe5 Bxf2+ 5. Kxf2 Nxe5 6. e4 Qf6+ 7. Kg1 d6 8. h3 Nxc4 9. d4 Nb6 10. Be3 Bd7 11. Rc1 Ne7 12. Bd3 O-O 13. Qe1 Nc6 14. Ne2 Rfe8 15.
Qg3 h6 16. Bb1 Re7 17. Kh2 Rae8 18. Rhf1 Qg6 19. Qf3 f5 20. Ng3 fxe4 21. Nxe4 Rxe4 22. Bxe4 Qxe4 23. Qf7+ Kh7 24. Rce1 Qg6 25. g4 Qxf7 26. Rxf7 Re7 27. Rxe7 Nxe7 28. Bxh6 Ned5 29. Bd2 Nc4 30.
Bc3 Nxc3 31. bxc3 Kg6 32. Re7 Nb6 33. a4 a5 34. c4 Kf6 35. Re1 Bxa4 36. c5 dxc5 37.
dxc5 Nd5 38. Ra1 b5 39. cxb6 Nxb6 40. Kg3 c5 41. h4 c4 42. Kf4 c3 43. g5+ Kf7 44.
h5 c2 45. h6 gxh6 46. gxh6 Kg6 47. Ke3 Kxh6 48. Kd4 Kg6 49. Kc5 Nd7+ 50. Kc4 Ne5+ 51. Kc3 Kf5 52. Kd2 Ke4 53. Rxa4+ Kd5 54. Rxa5+ Kd4 55.
Kxc2 Nc4 56. Ra4 Kc5 57. Ra8 Nb6 58. Rh8 Nd5 59. Kd3 Nb4+ 60. Kc3 Nd5+ 61. Kb3 Kd4 62. Rh4+ Kc5 63. Rg4 Kb5 64. Re4 Kc5 65. Re5 Kd4 66.
Re8 Kc5 67. Rd8 Kd4 1/2-1/2

[Event "*** Titled Tuesday 3|2 Blitz"]
[Site "Chess.com"]
[Date "2016.06.07"]
[Round "7"]
[White "dondimi"]
[Black "MinhGTrAn"]
[Result "0-1"]
[WhiteElo "2443"]
[BlackElo "2630"]
[TimeControl "180+2"]
[EndTime "12:28:48 PDT"]
[Termination "MinhGTrAn won by resignation"]

1. Nf3 Nf6 2. d4 b6 3. c4 e6 4. e3 Bb7 5. Bd3 c5 6. O-O Be7 7. Nc3 cxd4 8. exd4 d5 9. cxd5 Nxd5 10. Ne5 O-O 11.
Qh5 g6 12. Qf3 Nc6 13. Bh6 Nxd4 14. Qe4 Nf5 15. Bxf8 Qxf8 16. Rfe1 Qg7 17. Qa4 Nxc3 18. bxc3 Bf6 19. f4 Be7 20. Be4 Bc5+ 21. Kf1 Bxe4 22. Qxe4 Rd8 23. g4 Qh6 24. gxf5 Qxh2 25. Qg2 Qxf4+ 26. Qf3 Qg5 27. Qg4 Qf6 28. Rad1 Rxd1 29. Qxd1 exf5 30. Qd5 Kg7 31. Nd7 Qxc3 32. Nxc5 Qh3+ 33.
Qg2 Qc3 34. Nb3 h5 35. Kg1 Qxe1+ 36. Kh2 Qe5+ 37. Kh1 f4 38. Nd2 g5 39. Nf3 Qa1+ 40. Ng1 Kh6 41. Qc6+ f6 42. Qe8 Qxa2 43. Qe7 Qd5+ 44.
Kh2 Kg6 45. Qe8+ Qf7 46. Qe4+ Kg7 47. Nf3 Qc7 48. Kg2 g4 49. Nh4 f3+ 50. Kf1 Qc1+ 51. Kf2 Qb2+ 52. Kf1 Qe2+ 53. Qxe2 fxe2+ 54. Kxe2 Kh6 55.
Ng2 Kg5 56. Kf2 h4 57. Ne3 f5 0-1